AoeStats
← ThunderboltX

Fortress

510617945Analyzed
1v1 RM · 15h ago on Oct 1, 2026· 40m 45s· 2 players
Game mode
Random Map
Map size
Small (3 player)
Population
200
Speed
Normal
Resources
Standard
Victory
Conquest
Starting age
Dark Age
Ending age
Imperial Age
RankedLock teamsTeams togetherTeam positionsShared explorationLock speedFull tech treeHidden civsTurbo modeCheats
Victory
Defeat
🇫🇮 Wei · Finland
2669
+11
🇧🇬 Jurchens · Bulgaria
2558
-11
ThunderboltX
7:07 Feudal Age
8:20 Loom
10:42 Castle Age
8:37 Horse Collar
8:54 Double-Bit Axe
12:31 Bow Saw
18:40 Wheelbarrow
18:06 Heavy Plow
19:35 Gold Mining
21:30 Hand Cart
23:52 Imperial Age
22:37 Hand Cart
22:13 Loom
22:13 Town Watch
22:51 Scale Barding Armor
25:09 Gold Shaft Mining
24:24 Stone Mining
24:53 Bloodlines
25:42 Chain Barding Armor
25:32 Forging
28:04 Plate Barding Armor
27:32 Fletching
27:42 Padded Archer Armor
28:17 Conscription
28:11 Padded Archer Armor
29:05 Conscription
29:36 Ballistics
30:16 Chemistry
29:18 Bodkin Arrow
30:27 Thunderclap Bombs
30:46 Leather Archer Armor
30:31 Bracer
32:02 Masonry
31:59 Siege Engineers
33:19 Ring Archer Armor
36:51 Iron Casting
37:20 Husbandry
36:42 Light Cavalry
38:55 Blast Furnace
38:43 Hussar
Valas
7:01 Feudal Age
7:08 Feudal Age
8:44 Horse Collar
11:04 Castle Age
9:15 Double-Bit Axe
12:02 Bow Saw
12:24 Heavy Plow
14:25 Wheelbarrow
16:13 Gold Mining
19:12 Hand Cart
23:46 Imperial Age
21:05 Pikeman
21:46 Squires
21:37 Fletching
22:09 Ballistics
22:03 Loom
22:05 Town Watch
22:39 Bodkin Arrow
23:03 Husbandry
23:14 Bloodlines
24:37 Bracer
25:41 Chemistry
25:44 Halberdier
27:14 Padded Archer Armor
27:15 Scale Mail Armor
27:25 Forging
28:00 Parthian Tactics
28:07 Thumb Ring
28:50 Chain Mail Armor
29:34 Crop Rotation
29:23 Padded Archer Armor
29:35 Masonry
30:11 Town Patrol
31:03 Iron Casting
30:44 Leather Archer Armor
31:22 Tuntian
31:48 Ming Guang Armor
33:20 Blast Furnace
32:18 Guard Tower
33:24 Ring Archer Armor
34:11 Conscription
35:48 Light Cavalry
37:24 Hoardings
37:55 Scale Barding Armor
37:12 Hussar
39:48 Chain Barding Armor
40:57 Keep
Connection lost

Rejoining the realm…

Still unreachable

The connection could not be restored.

Session expired

The server has moved on; the page needs a fresh start.